 Dungeon Crawl Stone Soup version 0.31.0-1-g2c135a0 (webtiles) character file.

Game seed: 10943256143556908965

1350 doot the Thaumaturge (level 8, 0/41 HPs)
             Began as a Deep Elf Fire Elementalist on Apr 11, 2024.
             Was an Initiate of Vehumet.
             Slain by a sky beast (5 damage)
             ... on level 7 of the Dungeon.
             The game lasted 00:09:50 (4770 turns).

doot the Thaumaturge (Deep Elf Fire Elementalist)   Turns: 4770, Time: 00:09:51

Health: 0/41       AC:  5    Str:  5    XL:     8   Next: 36%
Magic:  15/22      EV: 13    Int: 23    God:    Vehumet [......]
Gold:   311        SH:  0    Dex: 15    Spells: 11/23 levels left

rFire   . . .        m - +4 dagger (protect)
rCold   . . .        (no shield)
rNeg    . . .        a - +0 robe
rPois   .            (no helmet)
rElec   .            (no cloak)
rCorr   .            p - +2 pair of gloves
SInv    .            (no boots)
Will    .....        (no amulet)
Stlth   +++          (no ring)
HPRegen 0.26/turn    (no ring)
MPRegen 0.18/turn

%: no passive effects
@: no status effects
A: no striking features
a: Renounce Religion


You were on level 7 of the Dungeon.
You worshipped Vehumet.
Vehumet was noncommittal.
You visited 2 branches of the dungeon, and saw 7 of its levels.

You collected 311 gold pieces.

Inventory:

Hand Weapons
 d - a +0 short sword
 m - a +4 dagger of protection (weapon)
Missiles
 o - a throwing net
Armour
 a - a +0 robe (worn)
 p - a +2 pair of gloves (worn)
Wands
 q - a wand of charming (5)
 u - a wand of flame (22)
Scrolls
 e - a scroll of acquirement {unknown}
 f - a scroll of silence {unknown}
 i - 5 scrolls of identify {unknown}
 s - 3 scrolls of teleportation {unknown}
 t - 2 scrolls of enchant weapon {unknown}
Potions
 b - 4 potions of magic
 c - 2 potions of degeneration {unknown}
 g - 4 potions of curing {unknown}
 h - a potion of mutation {unknown}
 j - a potion of resistance {unknown}
 k - 2 potions of enlightenment {unknown}
 l - 2 potions of haste {unknown}
 n - a potion of heal wounds {unknown}
 r - a potion of brilliance {unknown}


   Skills:
 + Level 0.2 Fighting
 + Level 1.0 Short Blades
 + Level 3.3 Dodging
 + Level 4.2 Stealth
 + Level 8.4 Spellcasting
 * Level 4.1 Conjurations
 + Level 7.3 Fire Magic
 * Level 1.8 Air Magic


You had 11 spell levels left.
You knew the following spells:

 Your Spells              Type           Power      Damage    Failure   Level
a - Foxfire               Conj/Fire      100%       2x1d9     1%          1
b - Scorch                Fire           86%        2d8       1%          2
c - Flame Wave            Conj/Fire      36%        2d10      6%          4
d - Arcjolt               Conj/Air       11%        1d21      47%         5

Your spell library contained the following spells:

 Spells                   Type           Power      Damage    Failure   Level
 Inner Flame              Hex/Fire       26%        N/A       4%          3
 Volatile Blastmotes      Fire/Tloc      52%        2d14      4%          3
 Hailstorm                Conj/Ice       19%        3d7       9%          3
 Summon Ice Beast         Ice/Summ       9%         N/A       21%         3
 Vhi's Electric Charge    Tloc/Air       26%        N/A       41%         4
 Sculpt Simulacrum        Ice/Alch       4%         N/A       100%        6
 Maxwell's Capacitive Co  Air            9%         ∞         100%        8


Dungeon Overview and Level Annotations

Branches:
Dungeon (7/15)             Temple (1/1) D:7

Altars:
Ashenzari
Cheibriados
Elyvilon
Fedhas
Gozag
Hepliaklqana
Kikubaaqudgha
Nemelex Xobeh
Okawaru
Qazlal
Sif Muna
Trog
Uskayaw
Vehumet
Wu Jian
Xom
Yredelemnul

Shops:
D:1 [


Message History

The steam dragon is moderately wounded.
The steam dragon's fire resistance burns away.
The steam dragon bites you! The steam dragon barely misses you.
Unknown command.
Unknown command.
Casting: Scorch (safe; 1% risk of failure)
Confirm with . or Enter, or press ? or * to list all spells.
Flames lash the steam dragon.
The steam dragon is burned terribly!
The steam dragon is almost dead.
You are engulfed in a cloud of scalding steam.
The steam dragon bites you but does no damage.
The steam dragon closely misses you.
The sky beast hits you but does no damage.
The steam dragon attacks as it pursues you!
The steam dragon closely misses you. The steam dragon barely misses you.
Unknown command.
The steam dragon breathes steam at you. The ball of steam hits you.
* * * LOW HITPOINT WARNING * * *
You hear a shout!
The sky beast is engulfed in a cloud of scalding steam.
The sky beast misses you.
Casting: Scorch (safe; 1% risk of failure)
Confirm with . or Enter, or press ? or * to list all spells.
Flames lash the steam dragon.
The steam dragon is burned terribly!
You kill the steam dragon!
Vehumet accepts your kill.
The sky beast flickers out of sight!
Deactivating autopickup; reactivate with Ctrl-A.
Something hits you.
* * * LOW HITPOINT WARNING * * *
Something shocks you.
* * * LOW HITPOINT WARNING * * *
Unknown command.
Casting: Scorch (safe; 1% risk of failure)
Confirm with . or Enter, or press ? or * to list all spells.
Flames lash something.
Something hits you.
* * * LOW HITPOINT WARNING * * *
Something shocks you.
You die...

. .... .... .. ... ≈.≈≈≈
... ##..# .≈.... #..
#..$### ..≈.._. .#... #..
..###. ..≈....
......#.##...... #.≈.≈≈≈
#.........# #.(....
#......{§######## #.≈≈≈≈≈
.......##@§......###......
#...... ##.##............#
....... #.#.......#......
.##.... #.#.......#...##.
#.... #.#.......#...###
..... #..#.....##...#..
##.......##.....#
##............##
##.......######


There were no monsters in sight!

Vanquished Creatures
  A steam dragon (D:7)
  2 ice beasts
  A sky beast (D:7)
  2 centaurs
  A scorpion (D:5)
  3 howler monkeys
  2 jellies
  3 orc priests
  3 hounds
  3 iguanas
  5 orc wizards
  3 gnolls (D:7)
  6 adders
  A shadow imp (D:6)
  2 ufetubi (D:5)
  4 dart slugs
  A ribbon worm (D:2)
  11 orcs
  6 endoplasms
  7 goblins
  7 hobgoblins
  9 jackals (D:1)
  2 quokkas
  4 ball pythons
  6 bats (D:1)
  3 frilled lizards (D:1)
  3 kobolds
  A rat (D:2)
102 creatures vanquished.

Vanquished Creatures (others)
  237 foxfires
237 creatures vanquished.

Grand Total: 339 creatures vanquished

Notes
Turn   | Place    | Note
-------+----------+-------------------------------------------
     0 | D:1      | doot the Deep Elf Fire Elementalist began the quest for the
                  | Orb.
     0 | D:1      | Reached XP level 1. HP: 10/10 MP: 6/6
   360 | D:1      | Reached XP level 2. HP: 15/15 MP: 4/8
   435 | D:1      | Learned a level 2 spell: Scorch
   872 | D:1      | Reached XP level 3. HP: 19/19 MP: 6/9
   958 | D:1      | Found Cihiy's Antique Armour Shop.
  1219 | D:1      | Found a faded altar of an unknown god.
  1624 | D:2      | You fall into a shaft and drop 2 floors!
  1743 | D:4      | Reached XP level 4. HP: 24/24 MP: 5/11
  1982 | D:4      | Reached skill level 4 in Spellcasting
  1983 | D:4      | Reached XP level 5. HP: 28/28 MP: 5/13
  1987 | D:4      | Reached skill level 5 in Spellcasting
  2122 | D:4      | Reached skill level 5 in Fire Magic
  2398 | D:4      | Reached XP level 6. HP: 28/32 MP: 8/16
  2657 | D:5      | Entered Level 5 of the Dungeon
  2798 | D:5      | Noticed an ice beast
  2807 | D:5      | Killed an ice beast
  2808 | D:5      | Reached skill level 6 in Spellcasting
  2911 | D:5      | Reached XP level 7. HP: 34/36 MP: 13/19
  3464 | D:5      | Reached skill level 7 in Spellcasting
  4194 | D:6      | Learned a level 4 spell: Flame Wave
  4200 | D:6      | Learned a level 5 spell: Arcjolt
  4382 | D:6      | Reached XP level 8. HP: 41/41 MP: 17/21
  4496 | D:7      | Reached skill level 8 in Spellcasting
  4565 | D:7      | Reached skill level 1 in Air Magic
  4629 | D:7      | Found a staircase to the Ecumenical Temple.
  4638 | Temple   | Entered the Ecumenical Temple
  4660 | Temple   | Became a worshipper of Vehumet
  4707 | D:7      | Found a blossoming altar of Fedhas.
  4721 | D:7      | Reached skill level 1 in Short Blades
  4770 | D:7      | Slain by a sky beast

Illustrated notes

Levels and vault maps discovered:
D:1:      heliophobic_arrival_glass_houses, layout_basic, serial_shops, shop,
          chequers_ecumenical_altar_simple_redux, minmay_misc_feat_plants
D:2:      layout_loops_ring, dk_vineyard_3
D:4:      layout_loops_ring, hangedman_decor_lopped
D:5:      layout_loops_ring
D:6:      hellmonk_destroyed_diamonds, layout_gridville
D:7:      layout_rooms, mainiacjoe_overflow_cross_hatched,
          mainiacjoe_overflow_swirl, general_overflow_altar,
          minmay_temple_entry_gardened_gates, gammafunk_ghost_wrathful_warriors
Temple:   nicolae_temple_elliptical

Skill      XL: |  1  2  3  4  5  6  7  8 |
---------------+-------------------------+-----
Fire Magic     | 4 5 6 7 |  7.3
Stealth        | 3 4 |  4.2
Spellcasting   | 4 5 6 7 8 |  8.4
Conjurations   | 2 3 4 |  4.1
Dodging        | 3 |  3.3
Air Magic      | 1 |  1.8
Short Blades   | 1 |  1.0
Fighting       | |  0.2

Action                     |  1- 3 |  4- 6 |  7- 9 || total
---------------------------+-------+-------+-------++-------
  Melee: Short sword       |     8 |       |       ||     8
         Dagger            |       |     6 |    11 ||    17
   Cast: Foxfire           |    71 |    34 |    41 ||   146
         Scorch            |     6 |    22 |    36 ||    64
   Stab: Sleeping          |     3 |     2 |     2 ||     7
         Distracted        |       |     1 |       ||     1
 Armour: Robe              |    16 |     6 |    21 ||    43
  Dodge: Dodged            |    18 |     5 |    21 ||    44
